 Dungeon Crawl Stone Soup version 0.30-a0-883-g5ad918d77d (webtiles) character file.

Game seed: 6045199203431912093

148 IdlyInterested the Slasher (level 5, 0/39 HPs)
             Began as a Demonspawn Gladiator on Mar 10, 2023.
             Constricted to death by Natasha (4 damage)
             ... on level 3 of the Dungeon on Mar 15, 2023.
             The game lasted 00:09:08 (1892 turns).

IdlyInterested the Slasher (Demonspawn Gladiator)   Turns: 1892, Time: 00:09:10

Health: 0/39       AC: 10    Str: 15    XL:     5   Next: 8%
Magic:  5/5        EV:  4    Int:  9    God:
Gold:   33         SH:  0    Dex: 16    Spells: 4/4 levels left

rFire   . . .      SeeInvis .    a - +0 long sword
rCold   . . .      Faith    .    (no shield)
rNeg    . . .      Spirit   .    h - +0 chain mail
rPois   .          Reflect  .    q - +0 helmet
rElec   .          Rampage  .    (no cloak)
rCorr   .                        (no gloves)
Will    .....                    (no boots) Stlth
                                 i - amulet of magic regeneration
HPRegen 0.26/turn                (no ring)
MPRegen 0.58/turn                (no ring)

@: grasped by roots, constricted
A: claws 1, rugged brown scales 1, magic regeneration
a: no special abilities


You were on level 3 of the Dungeon.
You visited 1 branch of the dungeon, and saw 3 of its levels.

You collected 64 gold pieces.
You spent 31 gold pieces at shops.

Inventory:

Hand Weapons
 a - a +0 long sword (weapon)
 g - a +0 short sword
 l - a +0 long sword
Missiles
 d - 3 throwing nets (quivered)
 e - a javelin
 j - 6 stones
Armour
 h - a +0 chain mail (worn)
 q - a +0 helmet (worn)
Jewellery
 i - an amulet of magic regeneration (around neck)
Scrolls
 c - a scroll of teleportation {unknown}
 f - 2 scrolls of poison {unknown}
 k - a scroll of fog {unknown}
 m - a scroll of enchant weapon {unknown}
 n - a scroll of butterflies {unknown}
 p - 3 scrolls of identify {unknown}
Potions
 b - a potion of heal wounds {unknown}
 o - a potion of flight {unknown}


   Skills:
 - Level 2.0 Fighting
 * Level 4.7 Long Blades
 - Level 2.0 Throwing
 - Level 1.0 Armour
 - Level 3.0 Dodging
 - Level 1.0 Stealth


You had 4 spell levels left.
You didn't know any spells.
Your spell library contained the following spells:

 Spells                   Type           Power      Damage    Failure   Level
 Foxfire                  Conj/Fire      0%         2x1d4     100%        1
 Fireball                 Conj/Fire      0%         3d3       100%        5
 Starburst                Conj/Fire      0%         6d3       100%        6


Dungeon Overview and Level Annotations

Branches:
Dungeon (3/15)

Altars:
Xom

Shops:
D:1 =***

Annotations:
D:3 Natasha


Innate Abilities, Weirdness & Mutations

You have sharp fingernails.
You are partially covered in rugged brown scales. (AC +1, +3% HP)
You regenerate magic rapidly.


Message History

The adder bites you but does no damage. x2
You barely miss the adder.
The adder is heavily wounded.
The adder bites you but does no damage.
You miss the adder.
The adder is heavily wounded.
The adder bites you.
You are poisoned.
The adder poisons you! The adder bites you but does no damage.
You miss the adder.
The adder is heavily wounded.
You feel sick. The adder bites you but does no damage.
Natasha, Servant of Life and Death comes into view.
She is carrying a wand of roots (8).
You slash the adder!
You kill the adder!
You feel sick.
Natasha zaps a wand.
The roots erupt in riotous growth!
The grasping roots grab you! The grasping roots constrict you.
Natasha drinks a potion.
Natasha seems to speed up.
The grasping roots constrict you.
You escape the roots grasp.
You feel sick.
You feel sick. Natasha claws you!
You hit Natasha but do no damage.
You feel sick.
Natasha zaps a wand.
The roots erupt in riotous growth!
The grasping roots grab you!
Natasha is unaffected.
The grasping roots constrict you. Natasha claws you!
* * * LOW HITPOINT WARNING * * *
The grasping roots constrict you.
You slash Natasha!
Natasha is severely wounded.
You feel sick.
You are no longer poisoned.
Natasha casts a spell at you. The magic dart hits you.
* * * LOW HITPOINT WARNING * * *
The grasping roots constrict you.
* * * LOW HITPOINT WARNING * * *
Natasha claws you.
* * * LOW HITPOINT WARNING * * *
The grasping roots constrict you.
You die...

#.# #^# #.# ##.#####
# ##### #......#
#...###...###......#
.._.....P......†...#
#...###...###.<....#
## #######h@....#
........#####
............#
............#
######......#
#......# #......#
#.....<# #....†.#


You could see Natasha (fast).

Vanquished Creatures
  A hound (D:2)
  Jessica (D:2)
  Natasha (D:3)
  Robin (D:2)
  An adder (D:3)
  A worm (D:2)
  3 endoplasms
  A giant cockroach (D:1)
  10 goblins
  8 hobgoblins
  2 jackals (D:2)
  A ball python (D:3)
  2 bats (D:2)
  4 frilled lizards
  2 kobolds (D:2)
  5 rats (D:2)
44 creatures vanquished.

Notes
Turn   | Place    | Note
-------+----------+-------------------------------------------
     0 | D:1      | IdlyInterested the Demonspawn Gladiator began the quest for
                  | the Orb.
     0 | D:1      | Reached XP level 1. HP: 16/16 MP: 1/1
    16 | D:1      | Found Ofronut's Jewellery Shoppe.
   132 | D:1      | Found Yfoehicu's Assorted Antiques.
   132 | D:1      | Found Plog's General Store.
   165 | D:1      | Found Yjyuj's Assorted Antiques.
   180 | D:1      | Reached skill level 3 in Long Blades
   208 | D:1      | Gained mutation: You regenerate magic rapidly. [demonic
                  | ancestry]
   208 | D:1      | Reached XP level 2. HP: 22/22 MP: 2/2
   587 | D:1      | Bought a potion of degeneration for 12 gold pieces
   783 | D:2      | Reached skill level 1 in Stealth
   947 | D:2      | Found a shimmering altar of Xom.
   971 | D:2      | Reached skill level 1 in Armour
   971 | D:2      | Reached XP level 3. HP: 20/27 MP: 3/3
  1120 | D:2      | Noticed Robin
  1141 | D:2      | Reached skill level 4 in Long Blades
  1153 | D:2      | Killed Robin
  1154 | D:2      | Gained mutation: You are partially covered in rugged brown
                  | scales. (AC +1, +3% HP) [demonic ancestry]
  1154 | D:2      | Reached XP level 4. HP: 21/33 MP: 4/4
  1331 | D:2      | Noticed Jessica
  1337 | D:2      | Killed Jessica
  1690 | D:1      | Bought a brown potion for 19 gold pieces
  1690 | D:1      | Upgraded the game from 0.30-a0-867-g305f33218d to
                  | 0.30-a0-883-g5ad918d77d
  1831 | D:3      | Noticed Natasha
  1836 | D:3      | Killed Natasha
  1837 | D:3      | Gained mutation: You have sharp fingernails. [demonic
                  | ancestry]
  1837 | D:3      | Reached XP level 5. HP: 34/39 MP: 5/5
  1887 | D:3      | Noticed Natasha
  1892 | D:3      | Constricted to death by Natasha

Illustrated notes

Levels and vault maps discovered:
D:1:      wander_arrival_chamber, layout_basic, serial_shops,
          nicolae_shop_waterfront, shop, shop, nicolae_shop_overgrown_old_shop
D:2:      layout_loops_corners, basic_altar, minmay_liquid_box, uniq_robin,
          uniq_jessica
D:3:      layout_basic, elyvilon_altar_1, grunt_gozag_statues, serial_shops,
          shop, shapermc_ecumenical_altar_venn, uniq_natasha

Skill      XL: |  1  2  3  4 |
---------------+-------------+-----
Long Blades    | 3 4 |  4.7
Stealth        | 1 |  1.0
Armour         | 1 |  1.0
Throwing       | 2 |  2.0
Dodging        | 3 |  3.0
Fighting       | |  2.0

Action                     |  1- 3 |  4- 6 || total
---------------------------+-------+-------++-------
  Melee: Long sword        |    96 |    40 ||   136
         Punch             |       |     1 ||     1
 Armour: Chain mail        |    57 |    25 ||    82
  Dodge: Dodged            |    35 |     8 ||    43

Table legend: (Time is in decaauts)
 A = Elapsed time spent in this place.
 B = Non-inter-level travel time spent in this place.
 C = Inter-level travel time spent in this place.
 D = Time resting spent in this place.
 E = Time spent auto-exploring this place.
 F = Levels seen in this place.
 G = Mean time per level.
                   A        B        C        D        E       F      G
               +--------+--------+--------+--------+--------+-----+--------+
         Total |   1932 |   1646 |    286 |    109 |    964 |   3 |  644.0 |
       Dungeon |   1932 |   1646 |    286 |    109 |    964 |   3 |  644.0 |
               +--------+--------+--------+--------+--------+-----+--------+

Top non-repeatable levels by time:
     D:2: 1167 daAuts
     D:1: 695 daAuts
     D:3: 69 daAuts
